 Dungeon Crawl Stone Soup version 0.27.1-16-g815e20cd7a (webtiles) character file.

Game seed: 8927349304372240600

51 spaced the Magician (level 3, -16/21 HPs)
             Began as an Octopode Hedge Wizard on Nov 23, 2021.
             Was an Initiate of Ashenzari.
             Blown up by Ijyb (33 damage)
             ... with a mindburst bolt
             ... on level 3 of the Dungeon.
             The game lasted 00:16:52 (2340 turns).

spaced the Magician (Octopode Hedge Wizard)         Turns: 2340, Time: 00:16:53

Health: -16/21     AC:  1    Str:  9    XL:     3   Next: 81%
Magic:  7/8        EV: 10    Int: 16    God:    Ashenzari [......]
Gold:   100        SH:  0    Dex: 12    Spells: 2/9 levels left

rFire    . . .     SeeInvis .   e - +3 short sword
rCold    . . .     Faith    .   (no shield)
rNeg     . . .     Spirit   .   b - +0 hat
rPois    .         Reflect  .   (no amulet)
rElec    .         Harm     .   g - ring "Revealing Jealousy" {Will+, Melee, Fort} (curse)
rCorr    .         Rampage  .   (no ring)
Will     +....                  (no ring)
Stlth    +++.......             (no ring)
HPRegen  0.07/turn              (no ring)
MPRegen  0.11/turn              (no ring)
                                (no ring)
                                (no ring)

@: constricted
A: almost no armour, amphibious, 8 rings, camouflage 1, gelatinous body 1,
(nimble swimmer 1), tentacles
a: Renounce Religion, Shatter the Chains


You were on level 3 of the Dungeon.
You worshipped Ashenzari.
Ashenzari was noncommittal.
You visited 1 branch of the dungeon, and saw 3 of its levels.

You collected 100 gold pieces.

Inventory:

Hand Weapons
 c - a +0 short sword
 e - a +3 short sword (weapon)
Missiles
 j - 6 datura-tipped darts (quivered)
Armour
 b - a +0 hat (worn)
Jewellery
 g - the cursed ring "Revealing Jealousy" (left tentacle) {Will+, Melee, Fort}
   (You found it on level 1 of the Dungeon)

   [ring of willpower]

   Will:      It increases your willpower.
   It has a curse which improves the following skills: Melee Combat: Short
   Blades, Long Blades, Axes, Maces & Flails, Polearms, Staves and Unarmed
   Combat.
   Fortitude: Shields.
Scrolls
 d - 2 scrolls of teleportation
 h - a scroll of silence
Potions
 a - 2 potions of brilliance
 f - a potion of curing
 i - a potion of magic


   Skills:
 + Level 0.8(1.1) Short Blades
 + Level 2.3 Dodging
 + Level 3.6 Stealth
 + Level 3.6 Spellcasting
 + Level 1.4 Conjurations
 + Level 1.0 Summonings
 + Level 1.0 Translocations


You had 2 spell levels left.
You knew the following spells:

 Your Spells              Type           Power      Damage    Failure   Level
a - Magic Dart            Conj           28%        1d4       10%         1
b - Call Imp              Summ           6%         N/A       19%         2
c - Blink                 Tloc           N/A        N/A       19%         2
d - Slow                  Hex            2%         N/A       26%         2

Your spell library contained the following spells:

 Spells                   Type           Power      Damage    Failure   Level
 Conjure Flame            Conj/Fire      5%         6-21      36%         3
 Mephitic Cloud           Conj/Pois/Air  4%         N/A       41%         3
 Tukima's Dance           Hex            2%         N/A       47%         3
 Passage of Golubria      Tloc           N/A        N/A       75%         4
 Yara's Violent Unravell  Hex/Tmut       1%         3d3       99%         5


Dungeon Overview and Level Annotations

Branches:
Dungeon (3/15)

Altars:
Ashenzari

Annotations:
D:3 Ijyb


Innate Abilities, Weirdness & Mutations

You cannot wear most types of armour.
You are amphibious.
You can wear up to eight rings at the same time.
Your skin changes colour to match your surroundings (Stealth+).
Your rubbery body absorbs attacks. (AC +1, EV +1)
((You are camouflaged near water. (Stealth+)))
You have tentacles for arms and can constrict up to eight enemies at once.


Message History

Aiming: Magic Dart (safe; 10% risk of failure)
Press: ? - help, Shift-Dir - straight line, f - bat
Aim: a bat (asleep, 100% to hit)
The magic dart hits the bat.
The bat is severely wounded.
The bat barely misses you.
A bat is nearby!
You hit the bat.
You kill the bat!
Ijyb is nearby!
Casting: Magic Dart (safe; 10% risk of failure)
Confirm with . or Enter, or press ? or * to list all spells.
Aiming: Magic Dart (safe; 10% risk of failure)
Press: ? - help, Shift-Dir - straight line, f - Ijyb
Aim: Ijyb, wielding a +0 club, wearing a +0 ring mail and carrying a wand of mindburst (14) (wandering, hasn't noticed you, 100% to hit)
The magic dart hits Ijyb.
Ijyb is lightly wounded.
Ijyb shouts!
A sky beast comes into view.
Casting: Magic Dart (safe; 10% risk of failure)
Confirm with . or Enter, or press ? or * to list all spells.
Aiming: Magic Dart (safe; 10% risk of failure)
Press: ? - help, Shift-Dir - straight line, f/p - Ijyb
Aim: Ijyb, wielding a +0 club, wearing a +0 ring mail and carrying a wand of mindburst (14) (lightly wounded, 100% to hit)
The magic dart hits Ijyb but does no damage.
Ijyb is lightly wounded.
Ijyb screams, "Me kill you!"
A ball python comes into view.
You closely miss the ball python. Your grab misses the ball python.
The ball python misses you. The ball python grabs you.
The ball python constricts you.
You barely miss the ball python. You grab the ball python.
You constrict the ball python. The ball python barely misses you.
The ball python constricts you. Ijyb barely misses you.
The ball python bites you. The ball python constricts you.
You hit the ball python but do no damage.
The ball python is moderately wounded.
You constrict the ball python.
Ijyb zaps a wand.
Your mind is blasted!
Ouch! That really hurt!
You die...

#. # #. #
.#####.##
##########
.........
#........#
.......##
#....S.#.# #
#.......
#@.Y##.####.#....#
#
##g............#..
#.
#...............#
...
#.###.####....#.#
#.8. #.# #
#....... #....
##.# #.#.....
#.8..#..# # #.....
#......# .#.....
##.###.# ........


You could see a sky beast, Ijyb and a ball python.

Vanquished Creatures
  3 worms
  5 ball pythons
  An endoplasm (D:2)
  A giant cockroach (D:1)
  5 goblins
  4 hobgoblins
  3 jackals (D:3)
  2 quokkas
  4 bats
  A frilled lizard (D:1)
  6 kobolds (D:1)
  A rat (D:2)
36 creatures vanquished.

Vanquished Creatures (collateral kills)
  An endoplasm (D:1)
  A hobgoblin (D:1)
  A kobold (D:2)
3 creatures vanquished.

Grand Total: 39 creatures vanquished

Notes
Turn   | Place    | Note
-------+----------+-------------------------------------------
     0 | D:1      | spaced the Octopode Hedge Wizard began the quest for the
                  | Orb.
     0 | D:1      | Reached XP level 1. HP: 11/11 MP: 4/4
   252 | D:1      | Reached XP level 2. HP: 17/17 MP: 1/6
   259 | D:1      | Learned a level 2 spell: Call Imp
   324 | D:1      | Noticed a floating eye
   326 | D:1      | Found a faded altar of an unknown god.
   327 | D:1      | Noticed a golden eye
   327 | D:1      | Noticed an eye of devastation
   327 | D:1      | Noticed a golden eye
   335 | D:1      | Became a worshipper of Ashenzari the Shackled
   517 | D:1      | Learned a level 2 spell: Blink
   747 | D:1      | Reached XP level 3. HP: 21/21 MP: 7/7
  1529 | D:2      | Reached * piety under Ashenzari
  2011 | D:3      | Noticed Ijyb
  2298 | D:3      | Learned a level 2 spell: Slow
  2333 | D:3      | Noticed a sky beast
  2340 | D:3      | Blown up by Ijyb

Illustrated notes

Levels and vault maps discovered:
D:1:      dpeg_arrival_long_road, layout_loops_ring,
          hellmonk_ecumenical_altar_watching_god
D:2:      layout_loops_ring
D:3:      layout_loops_ring, zin_statuary, gammafunk_ghost_arena, uniq_ijyb

Skill      XL: |  1  2 |
---------------+-------+-----
Stealth        | 3 |  3.6
Short Blades   | |  0.8
Dodging        | |  2.3
Spellcasting   | |  3.6
Conjurations   | |  1.4
Summonings     | |  1.0
Translocations | |  1.0

Action                   || total
-------------------------++-------
Melee: Dagger            ||    43
       Constrict         ||    17
       Tentacles         ||    10
       Short sword       ||    19
Throw: Dart              ||     1
 Cast: Magic Dart        ||    51
       Call Imp          ||     6
       Blink             ||     2
Invok: Curse Item        ||     2
       Shatter the Chain ||     1
 Stab: Sleeping          ||     6
Armor: Skin              ||     4
Dodge: Dodged            ||    38
